 Dungeon Crawl Stone Soup version 0.21.1-1-g345015f (webtiles) character file.

49 Kairos the Charmwright (level 3, -4/28 HPs)
             Began as a Demonspawn Skald on Mar 26, 2018.
             Slain by a worm (6 damage)
             ... on level 2 of the Dungeon.
             The game lasted 00:02:17 (1326 turns).

Kairos the Charmwright (Demonspawn Skald)           Turns: 1326, Time: 00:02:18

Health: -4/28      AC:  3    Str: 12    XL:     3   Next: 51%
Magic:  0/6        EV: 12    Int: 14    God:
Gold:   111        SH:  0    Dex: 12    Spells: 5/6 levels left

rFire    . . .     SeeInvis .   a - +0 mace
rCold    . . .     Gourm    .   (no shield)
rNeg     . . .     Faith    .   b - +0 leather armour
rPois    .         Spirit   +   (no helmet)
rElec    .         Reflect  .   f - scarf {Spirit}
rCorr    .         Harm     .   (no gloves)
MR       .....                  (no boots)
Stlth    +.........             (no amulet)
HPRegen  0.09/turn              (no ring)
MPRegen  0.10/turn              j - ring of flight

@: infused
A: powered by death 1
a: Evoke Flight


You were on level 2 of the Dungeon.
You were hungry.

You visited 1 branch of the dungeon, and saw 2 of its levels.

You collected 111 gold pieces.

Inventory:

Hand Weapons
 a - a +0 mace (weapon)
Missiles
 e - 4 tomahawks of returning (quivered)
Armour
 b - a +0 leather armour (worn)
 f - a scarf of spirit shield (worn)
Jewellery
 j - a ring of flight (right hand)
Scrolls
 h - 4 scrolls of remove curse
 i - 2 scrolls of teleportation {unknown}
 k - a scroll of enchant armour {unknown}
 l - 3 scrolls of amnesia {unknown}
 n - a scroll of identify {unknown}
Potions
 g - 3 potions of heal wounds
 m - a potion of brilliance {unknown}
 o - a potion of degeneration {unknown}
 p - a potion of haste {unknown}
Books
 c - a book of Battle

   Spells                             Type                      Level
   a - Infusion                       Charms                       1
   b - Shroud of Golubria             Charms/Translocation         2
   c - Song of Slaying                Charms                       2
   d - Spectral Weapon                Hexes/Charms                 3
   e - Regeneration                   Charms/Necromancy            3
Comestibles
 d - a ration


   Skills:
 + Level 2.3 Fighting
 + Level 2.5 Maces & Flails
 + Level 1.3 Armour
 + Level 2.3 Dodging
 + Level 2.1 Spellcasting
 + Level 2.8 Charms


You had 5 spell levels left.
You knew the following spells:

 Your Spells              Type           Power        Failure   Level  Hunger
a - Infusion              Chrm           #...         10%         1    ##.....


Dungeon Overview and Level Annotations

Branches:
Dungeon (2/15)

Altars:


Innate Abilities, Weirdness & Mutations

You regenerate a little health from kills.


Message History

Casting: Infusion
Confirm with . or Enter, or press ? or * to list all spells.
You begin infusing your attacks with magical energy.
The goblin shouts!
You hit the worm.
The worm is heavily wounded.
The worm bites you.
You barely miss the worm.
The worm is heavily wounded.
The worm closely misses you.
You hit the worm.
The worm is heavily wounded.
The worm bites you!
* * * LOW HITPOINT WARNING * * *
You hit the worm.
The worm is severely wounded.
You hit the worm.
The worm is almost dead.
The worm bites you.
You die...

######.#####.########
#..# #.# ##.# #.# ..
#.# #.# #.# #.# #.#
.. #.# ######.##.#
........#@#
......#.#w#
$........g#
......#.#.# .....
#...# .... ##..# ###
#..# #..# #.>#


You could see a worm and a goblin.

Vanquished Creatures
  An ooze (D:1)
  A worm (D:2)
  2 dart slugs (D:1)
  2 leopard geckos (D:2)
  An orc (D:2)
  3 giant cockroaches
  2 goblins (D:1)
  2 hobgoblins (D:1)
  6 jackals (D:1)
  A kobold (D:1)
  2 bats (D:1)
  4 frilled lizards
  7 rats
34 creatures vanquished.

Notes
Turn   | Place    | Note
-------+----------+-------------------------------------------
     0 | D:1      | Kairos the Demonspawn Skald began the quest for the Orb.
     0 | D:1      | Reached XP level 1. HP: 16/16 MP: 3/3
   579 | D:1      | Gained mutation: You regenerate a little health from kills. [demonic ancestry]
   579 | D:1      | Reached XP level 2. HP: 22/22 MP: 5/5
   617 | D:1      | Reached skill level 1 in Armour
   714 | D:1      | Reached XP level 3. HP: 24/27 MP: 4/6
  1180 | D:2      | Found a faded altar of an unknown god.
  1326 | D:2      | Slain by a worm

Skill      XL: |  1  2 |
---------------+-------+-----
Dodging        | 2 |  2.3
Maces & Flails | 2 |  2.5
Armour         | 1 |  1.3
Fighting       | |  2.3
Spellcasting   | |  2.1
Charms         | |  2.8

Action                   || total
-------------------------++-------
Melee: Mace              ||   146
 Cast: Infusion          ||     2
  Use: Scroll            ||     1
 Stab: Sleeping          ||     1
  Eat: Chunk             ||     1
Armor: Leather armour    ||    44
Dodge: Dodged            ||   135
